AoeStats
← xUnForSak3nz

Nomad

510268434Analyzed
4v4 RM · 18h ago on Sep 30, 2026· 24m 56s· 8 players
Game mode
Random Map
Map size
231×231
Population
200
Speed
Normal
Resources
Standard
Victory
Conquest
Starting age
Dark Age
Ending age
Imperial Age
RankedLock teamsTeams togetherTeam positionsShared explorationLock speedFull tech treeHidden civsTurbo modeCheats
Victory
Defeat
🇩🇪 Japanese · Germany
743
+14
🇨🇳 Franks · China
736
+14
🇺🇸 Varangians · United States
584
+20
🇲🇽 Huns · Mexico
563
+21
🇯🇵 Magyars · Japan
731
-19
🇨🇱 Khmer · Chile
713
-18
🇨🇳 Mapuche · China
650
-16
🇨🇱 Japanese · Chile
642
-16
Mapuche Mayer
4:03 Loom
RuinMireia
4:58 Loom
16:08 Feudal Age
20:24 Castle Age
18:24 Double-Bit Axe
18:58 Fishing Lines
23:51 Wheelbarrow
23:29 Bow Saw
Jx
6:48 Loom
20:51 Feudal Age
23:32 Wheelbarrow
22:42 Town Watch
22:45 Double-Bit Axe
22:44 Horse Collar
铭海蔚蓝
xUnForSak3nz
Marco 1985 MÉXICO City
8:15 Loom
25:08 Feudal Age
matthiaskaeck
715113342
4:43 Loom
17:42 Feudal Age
22:05 Castle Age
24:59 Fletching
Connection lost

Rejoining the realm…

Still unreachable

The connection could not be restored.

Session expired

The server has moved on; the page needs a fresh start.